 Dungeon Crawl Stone Soup version 0.30.1-11-g7821555f0a (webtiles) character file.

Game seed: 4562828842282066762

23 Peloso the Trooper (level 2, 27/27 HPs)
             Began as a Minotaur Fighter on Dec 19, 2023.
             Got out of the dungeon alive.
             The game lasted 00:00:59 (750 turns).

Peloso the Trooper (Minotaur Fighter)                Turns: 750, Time: 00:01:00

Health: 27/27      AC:  7    Str: 20    XL:     2   Next: 72%
Magic:  1/1        EV:  9    Int:  5    God:
Gold:   67         SH:  4    Dex:  9    Spells: 1/1 levels left

rFire   . . .        a - +0 long sword
rCold   . . .        c - +0 buckler
rNeg    . . .        b - +0 scale mail
rPois   .            (helmet restricted)
rElec   .            (no cloak)
rCorr   .            (no gloves)
SInv    .            (no boots)
Will    .....        (no amulet) Stlth
                     (no ring)
HPRegen 0.24/turn    (no ring)
MPRegen 0.07/turn

%: no passive effects
@: hasted, very quick
A: horns 2, retaliatory headbutt, inability to read after injury 1
a: no special abilities


You escaped.
You visited 1 branch of the dungeon, and saw 1 of its levels.

You collected 67 gold pieces.

Inventory:

Hand Weapons
 a - a +0 long sword (weapon)
Armour
 b - a +0 scale mail (worn)
 c - a +0 buckler (worn)
Scrolls
 e - 3 scrolls of enchant armour {unknown}
 f - a scroll of noise {unknown}
Potions
 d - a potion of might


   Skills:
 + Level 4.0 Fighting
 + Level 2.6 Long Blades
 + Level 4.0 Armour
 + Level 0.1 Dodging
 + Level 4.0 Shields


You had one spell level left.
You didn't know any spells.
Your spell library was empty.

Dungeon Overview and Level Annotations

Branches:
Dungeon (1/15)

Altars:

Shops:
D:1 (


Innate Abilities, Weirdness & Mutations

You have a pair of horns on your head.
You reflexively headbutt those who attack you in melee.
You occasionally lose the ability to read scrolls when taking damage.


Message History

There is an escape hatch in the floor here.
You now have 52 gold pieces (gained 9).
You now have 67 gold pieces (gained 15).
A kobold comes into view. It is wielding a +0 dagger.
A kobold is nearby!
A kobold is nearby!
A kobold is nearby!
The kobold throws a stone.
The stone hits you but does no damage. The kobold hits you but does no damage.
You hit the kobold.
The kobold is moderately wounded.
The kobold hits you but does no damage.
You closely miss the kobold. Your headbutt misses the kobold.
The kobold is moderately wounded.
The kobold hits you but does no damage. The kobold hits you with a +0 dagger.
You slash the kobold!
You kill the kobold!
Things that are here:
a +0 dagger; 4 stones
There is an open door here.
There is an open door here.
You open the door.
There is an open door here.
There is an open door here.
You open the door.
There is an open door here.
Done exploring.
Done exploring.
Done exploring.
Done exploring.
It was a potion of haste.
You feel yourself speed up.
It was a potion of mutation.
You feel extremely strange.
You occasionally lose the ability to read scrolls when taking damage.
(D) Dungeon
Where to? (? - help)
What level of the Dungeon? (default 1, ? - help)
There is an open door here.
There is a staircase leading out of the dungeon here.
Are you sure you want to leave the Dungeon?
This will make you lose the game!
You have escaped!

#.........∩..#.#.#....#...
#............#.#.#.#..####
#......#######.#.#.#..#...
###............#.#.##.#.##
#######'###+##.#....#...
#...#...#......####
#...#.>.##.....#...
#...#...##.....#.##
#.@.#.>.##.........
#...#...##.........
#...#.>.##.........
#...#...##.........
##'###+############
#####.###.# #.........#
#.......### #.......#
#########


There were no monsters in sight!

Vanquished Creatures
  A dart slug (D:1)
  3 ball pythons (D:1)
  A goblin (D:1)
  4 jackals (D:1)
  5 kobolds (D:1)
  A quokka (D:1)
  A bat (D:1)
  A frilled lizard (D:1)
  2 rats (D:1)
19 creatures vanquished.

Notes
Turn   | Place    | Note
-------+----------+-------------------------------------------
     0 | D:1      | Peloso the Minotaur Fighter began the quest for the Orb.
     0 | D:1      | Reached XP level 1. HP: 19/19 MP: 0/0
    14 | D:1      | Found Itron's Antique Weapon Boutique.
   104 | D:1      | Reached XP level 2. HP: 27/27 MP: 1/1
   714 | D:1      | Gained mutation: You occasionally lose the ability to read
                  | scrolls when taking damage. [potion of mutation]
   750 | D:$      | Got out of the dungeon alive.

Illustrated notes

Levels and vault maps discovered:
D:1:      minmay_arrival_up_and_down, layout_basic, serial_shops, shop,
          minivault_27

Skill      XL: |  1  2 |
---------------+-------+-----
Fighting       | 4 |  4.0
Shields        | 4 |  4.0
Armour         | 4 |  4.0
Long Blades    | |  2.6
Dodging        | |  0.1

Action                     || total
---------------------------++-------
  Melee: Long sword        ||    42
         Headbutt          ||     2
    Use: Potion            ||     3
 Armour: Scale mail        ||    21
  Dodge: Dodged            ||    28
  Block: Buckler           ||    15
